 Dungeon Crawl Stone Soup version 0.31.0-11-ge490571c62 (webtiles) character file.

Game seed: 5105956015987631179

26 Zeor the Vexing (level 3, -2/17 HPs)
             Began as a Vine Stalker Hexslinger on Jan 27, 2024.
             Slain by a goblin
             ... wielding a +0 dagger
             ... led by Robin
              (4 damage)
             ... on level 1 of the Dungeon.
             The game lasted 00:02:39 (768 turns).

Zeor the Vexing (Vine Stalker Hexslinger)            Turns: 768, Time: 00:02:40

Health: -2/17      AC:  2    Str: 10    XL:     3   Next: 8%
Magic:  0/6        EV: 12    Int: 15    God:
Gold:   34         SH:  0    Dex: 16    Spells: 0/5 levels left

rFire   . . .        a - +2 sling
rCold   . . .        (no shield)
rNeg    . . .        c - +0 robe
rPois   .            (no helmet)
rElec   .            (no cloak)
rCorr   .            (no gloves)
SInv    .            (no boots)
Will    .....        (no amulet)
Stlth   +            (no ring)
HPRegen 1.02/turn    (no ring)
MPRegen 0.10/turn

%: guardian spirit
@: no status effects
A: fangs 2, regeneration 1, magic shield, antimagic bite, no potion heal 2
a: no special abilities


You were on level 1 of the Dungeon.
You visited 1 branch of the dungeon, and saw 2 of its levels.

You collected 34 gold pieces.

Inventory:

Hand Weapons
 a - a +2 sling (weapon)
Armour
 c - a +0 robe (worn)
Scrolls
 b - a scroll of poison
 g - 2 scrolls of enchant weapon
 j - 2 scrolls of butterflies {unknown}
 l - a scroll of vulnerability {unknown}
Potions
 e - a potion of curing {unknown}
 h - a potion of invisibility {unknown}
 i - 2 potions of heal wounds {unknown}
 k - a potion of mutation {unknown}


   Skills:
 + Level 0.8 Fighting
 + Level 2.0 Ranged Weapons
 * Level 2.1 Dodging
 * Level 1.6 Spellcasting
 * Level 3.3 Hexes
 + Level 1.0 Fire Magic


You couldn't memorise any spells.
You knew the following spells:

 Your Spells              Type           Power      Damage    Failure   Level
b - Sigil of Binding      Hex            11%        N/A       19%         3
j - Jinxbite              Hex            22%        N/A       9%          2

Your spell library contained the following spells:

 Spells                   Type           Power      Damage    Failure   Level
 Inner Flame              Hex/Fire       7%         N/A       28%         3
 Cause Fear               Hex            5%         N/A       52%         4
 Dimensional Bullseye     Hex/Tloc       3%         N/A       75%         4


Dungeon Overview and Level Annotations

Branches:
Dungeon (2/15)

Altars:

Annotations:
D:1 Robin


Innate Abilities, Weirdness & Mutations

You have extremely sharp teeth.
Your natural rate of healing is unusually fast.
When hurt, damage is shared between your health and your magic reserves.
Your bite disrupts and absorbs the magic of your enemies.
Potions cannot restore your health.


Message History

There is a stone staircase leading down here.
You climb downwards.
Robin shouts!
The goblin shouts! x3; The hobgoblin shouts!
The goblin shouts!
The adder hisses angrily.
The goblin shouts! x2; The hobgoblin shouts!
There is a stone staircase leading up here.
The goblin hits you with a +0 dagger. The goblin hits you but does no damage.
Robin roars a battlecry!
The goblins go into a battle-frenzy!
You climb upwards.
There is a stone staircase leading down here.
Okay, then.
As you read the scroll labelled SEYKKU QOKOAN, it crumbles to dust.
The creatures around you are filled with an inner flame!
It was a scroll of immolation.
The goblin completely misses you. The goblin hits you with a +0 dagger.
Robin barely misses you. The goblin attacks as it pursues you!
The goblin barely misses you. The goblin hits you with a +0 dagger.
Robin hits you from afar with a +0 trident.
The goblin attacks as it pursues you! The goblin closely misses you.
The goblin hits you with a +0 dagger.
* * * LOW HITPOINT WARNING * * *
Blink to where?
Press: ? - help, Dir - move target
As you read the scroll labelled QOTZIJ GOHEYQI, it crumbles to dust.
It was a scroll of blinking.
Robin throws the goblin at you!
As you read the scroll labelled HIZUTT XIBRUCK, it crumbles to dust.
It is a scroll of enchant weapon.
Your +1 sling glows red for a moment.
The goblin closely misses you.
You shoot a sling bullet.
The sling bullet closely misses the goblin.
The sling bullet hits the goblin.
Flame seeps out of the goblin.
The goblin is moderately wounded.
The goblin hits you with a +0 dagger.
The goblin is engulfed in blazing flames.
The goblin explodes!
The goblin hits you with a +0 dagger.
* * * LOW HITPOINT WARNING * * *
The goblin attacks as it pursues you! The goblin hits you with a +0 dagger.
You die...

▒∙∙∙▒∙▒▒∙∙∙∙∙∙▒ ▒∙▒
∙▒∙▒∙▒∙∙▒▒∙∙∙∙▒ ▒∙▒▒▒▒▒▒▒▒▒▒
▒∙▒∙▒∙▒∙∙∙▒∙∙∙▒ ▒∙∙∙∙∙∙∙∙∙∙▒
▒∙▒∙▒∙∙▒∙∙∙∙∙∙▒▒▒▒▒▒▒▒▒▒▒▒▒∙▒▒▒
∙∙▒∙∙▒∙∙▒∙∙∙∙∙▒▒∙∙∙∙∙∙∙∙∙∙▒∙▒
∙∙▒∙∙▒∙∙∙▒∙∙∙∙(▒∙▒▒▒▒▒▒▒▒∙▒∙▒
∙∙▒∙∙∙▒∙∙∙∙∙∙∙∙∙∙∙∙∙∙∙∙∙▒∙▒∙▒
∙∙▒∙∙∙∙∙∙∙∙∙∙∙∙▒∙▒▒▒▒▒▒∙▒∙▒∙▒▒▒
∙∙∙∙∙∙∙∙∙∙∙∙∙▒∙▒f▒▒▒▒▒▒∙▒∙∙∙∙∙▒
▒▒▒▒▒▒∙∙▒▒∙▒∙∙∙▒g▒∙∙∙∙∙∙▒▒▒▒▒▒▒
▒▒∙∙∙∙▒▒∙∙▒∙▒▒▒▒▒▒▒▒
▒▒∙▒∙∙▒∙∙▒#▒ ▒∙∙∙∙∙∙∙▒°▒
▒▒∙∙∙∙▒∙▒#▒ ▒▒∙∙∙∙∙∙g▒
▒▒∙▒▒∙∙∙▒▒ ▒∙∙▒∙▒∙∙▒


You could see Robin (inner flame) and a goblin (inner flame, strong).

Vanquished Creatures
  A dart slug (D:1)
  A bat (D:1)
  3 endoplasms (D:1)
  3 goblins (D:1)
  2 hobgoblins (D:1)
  2 kobolds (D:1)
  2 quokkas (D:1)
  4 ball pythons (D:1)
  3 rats (D:1)
21 creatures vanquished.

Notes
Turn   | Place    | Note
-------+----------+-------------------------------------------
     0 | D:1      | Zeor the Vine Stalker Hexslinger began the quest for the
                  | Orb.
     0 | D:1      | Reached XP level 1. HP: 9/9 MP: 3/3
   107 | D:1      | Reached XP level 2. HP: 14/14 MP: 5/5
   166 | D:1      | Learned a level 2 spell: Jinxbite
   452 | D:1      | Reached XP level 3. HP: 17/17 MP: 6/6
   456 | D:1      | Learned a level 3 spell: Sigil of Binding
   755 | D:2      | Noticed Robin
   768 | D:1      | Slain by a goblin

Illustrated notes

Levels and vault maps discovered:
D:1:      minmay_arrival_radiant_lines, layout_basic
D:2:      layout_basic, basic_ecumenical_altar, minmay_hedge_maze, uniq_terence,
          uniq_robin, uniq_natasha

Skill      XL: |  1  2 |
---------------+-------+-----
Ranged Weapons | 2 |  2.0
Dodging        | 2 |  2.1
Fighting       | |  0.8
Spellcasting   | |  1.6
Hexes          | |  3.3
Fire Magic     | |  1.0

Action                     || total
---------------------------++-------
   Fire: Sling             ||    49
   Cast: Jinxbite          ||     2
    Use: Scroll            ||     3
 Armour: Robe              ||    18
  Dodge: Dodged            ||    10
